 Dungeon Crawl Stone Soup version 0.27.1-1-g398f81649c (webtiles) character file.

Game seed: 5948179159861440194

3301 worthlessgem the Fighter (level 10, -4/81 HPs)
             Began as a Djinni Fire Elementalist on Sept 21, 2021.
             Was a Follower of Makhleb.
             Slain by a gnoll (11 damage)
             ... while paralysed by Maurice
             ... on level 8 of the Dungeon on Sept 22, 2021.
             The game lasted 01:00:03 (12093 turns).

worthlessgem the Fighter (DjFE)                    Turns: 12093, Time: 01:00:04

Health: -4/81      AC:  8    Str: 10    XL:     10   Next: 20%
Gold:   323        EV:  2    Int: 18    God:    Makhleb [*.....] SH:  0 Dex: 13

rFire    + + .     SeeInvis +   e - +1 dagger (venom)
rCold    . . .     Faith    .   (no shield)
rNeg     . . .     Spirit   .   D - +2 leather armour {rC+}
rPois    ∞         Reflect  .   (no helmet)
rElec    .         Harm     .   v - +2 cloak {Stlth+}
rCorr    +         Rampage  .   (no gloves)
Will     +....                  (boots unavailable)
Stlth    +++.......             (no amulet)
HPRegen  0.23/turn              m - ring of see invisible
MPRegen  0.00/turn              f - ring of resist corrosion

@: paralysed, flying, held
A: sickness immunity, fire resistance 2, cold vulnerability 1, float, innate
caster, hp casting, extra vitality 1
a: Renounce Religion


You were on level 8 of the Dungeon.
You worshipped Makhleb.
Makhleb was aware of your devotion.
You visited 2 branches of the dungeon, and saw 10 of its levels.

You collected 323 gold pieces.

Inventory:

Hand Weapons
 e - a +1 dagger of venom (weapon)
 u - a +4 quarterstaff of chaos
 w - a +0 hunting sling
Missiles
 c - 218 stones
 g - 10 atropa-tipped darts
 i - 9 poisoned darts (quivered)
 o - 88 sling bullets
 s - 4 throwing nets
Armour
 v - a +2 cloak of stealth (worn)
 D - a +2 leather armour of cold resistance (worn)
Jewellery
 f - a ring of resist corrosion (right hand)
 m - a ring of see invisible (left hand)
Wands
 l - a wand of paralysis (7)
 x - a wand of iceblast (9)
Scrolls
 h - 3 scrolls of immolation {unknown}
 j - a scroll of amnesia {unknown}
 n - a scroll of enchant weapon {unknown}
 p - a scroll of magic mapping {unknown}
 q - 2 scrolls of teleportation {unknown}
 y - a scroll of noise {unknown}
 B - a scroll of blinking {unknown}
 C - 2 scrolls of identify
Potions
 a - 2 potions of lignification {unknown}
 b - a potion of magic {unknown}
 d - 2 potions of heal wounds
 k - 2 potions of curing
 r - a potion of brilliance
 t - a potion of flight {unknown}
 z - a potion of degeneration {unknown}
 A - a potion of haste {unknown}


   Skills:
 - Level 10.4 Fighting
 - Level 2.0 Slings
 + Level 4.9 Dodging
 - Level 1.5 Stealth
 + Level 4.2 Spellcasting
 * Level 5.6 Invocations


You couldn't memorise any spells.
You knew the following spells:

 Your Spells              Type           Power      Damage    Failure   Level
a - Foxfire               Conj/Fire      76%        2x1d7     3%          1
b - Conjure Flame         Conj/Fire      19%        6-21      10%         3
c - Inner Flame           Hex/Fire       19%        N/A       10%         3
d - Sticky Flame          Conj/Fire      19%        2d4       32%         4
e - Fireball              Conj/Fire      9%         3d6       67%         5
f - Pain                  Necr           76%        1d7       3%          1
g - Corpse Rot            Necr/Air       N/A        N/A       4%          2
h - Blink                 Tloc           N/A        N/A       4%          2
i - Cause Fear            Hex            9%         N/A       32%         4
Your spell library was empty.

Dungeon Overview and Level Annotations

Branches:
Dungeon (9/15)             Temple (1/1) D:5
   Lair: D:8-11         Orc: D:9-12

Altars:
Ashenzari
Dithmenos
Fedhas
Gozag
Hepliaklqana
Makhleb
Nemelex Xobeh
Okawaru
Qazlal
Ru
Trog
Uskayaw
Xom
Yredelemnul
Zin
The Shining One

Shops:
D:4 *

Annotations:
D:4 Natasha
D:8 Maurice


Innate Abilities, Weirdness & Mutations

You are immune to sickness and miasma.
You are immune to poison.
Your flesh is very heat resistant. (rF++)
You are vulnerable to cold. (rC-)
You float through the air rather than walking.
You learn spells naturally, not from books.
Your magical power is your life essence.
You have superior vitality. (+4 HP)


Message History

The orc hits you but does no damage.
You struggle against the net.
The foxfire hits the orc.
The orc is heavily wounded.
The foxfire hits the orc.
You kill the orc!
Makhleb accepts your kill.
You feel better.
The gnoll hits you from afar with a +0 halberd!
The orc barely misses you. The gnoll barely misses you.
The orc hits you with a +0 falchion.
Maurice drinks a potion.
Maurice seems to grow stronger.
Unknown command.
You tear a large gash into the net.
The gnoll hits you from afar with a +0 halberd.
The orc barely misses you.
The gnoll hits you from afar with a +0 halberd!
* * * LOW HITPOINT WARNING * * *
The orc closely misses you.
Maurice says, "Have you got some gold to spare?"
Maurice zaps a wand.
You suddenly lose the ability to move!
The gnoll hits you but does no damage.
A gnoll shaman comes into view. It is wielding a +0 club.
The orc hits you but does no damage. The gnoll hits you but does no damage.
The orc hits you with a +0 falchion.
* * * LOW HITPOINT WARNING * * *
The gnoll hits you from afar with a +0 halberd!
* * * LOW HITPOINT WARNING * * *
The orc hits you but does no damage. The gnoll hits you but does no damage.
The orc hits you but does no damage.
Maurice casts a spell.
Maurice blinks!
The gnoll hits you from afar with a +0 halberd.
* * * LOW HITPOINT WARNING * * *
The orc hits you but does no damage.
The gnoll hits you from afar with a +0 halberd.
* * * LOW HITPOINT WARNING * * *
The gnoll hits you but does no damage. The orc hits you but does no damage.
A gnoll comes into view. It is wielding a +0 spear.
The gnoll hits you from afar with a +0 halberd!
You die...

####+##.... #...........
#.............. .
#.............
#g######............#
...g................#
.....g..............
...@.g......).#...#
.....g§@###'###...#
.....oo.#....##..#
........#....##..######
#'#.....#....).<.##...##
. #.....#######..#.....#
.'.....#....##..#.....#
..#.....#........#.....#
..#.....#........#...>.#
#######..###..##


You could see Maurice (strong, swift, invisible), a gnoll shaman, 4 gnolls and 2
orcs.

Vanquished Creatures
  A manticore (D:7)
  Joseph (D:7)
  A yak (D:8)
  Eustachio (D:5)
  A wyvern (D:8)
  A steam dragon (D:6)
  A water moccasin (D:7)
  An orc warrior (D:7)
  A sky beast (D:6)
  A necrophage (D:4)
  2 ogres
  2 bullfrogs (D:7)
  Blork the orc (D:5)
  A gnoll sergeant (D:6)
  3 scorpions
  A bullfrog zombie (D:5)
  2 centaur zombies (D:5)
  2 hounds
  2 bullfrog skeletons (D:3)
  A centaur skeleton (D:7)
  Crazy Yiuf (D:5)
  5 orc priests
  Natasha (D:4)
  6 orc wizards
  3 iguanas
  A killer bee zombie (D:7)
  A howler monkey zombie (D:6)
  A howler monkey skeleton (D:4)
  13 gnolls
  4 adders
  2 shadow imps
  3 white imps
  2 adder skeletons (D:4)
  A worm (D:4)
  4 dart slugs
  15 orcs
  4 ball pythons
  7 bats
  11 endoplasms
  A giant cockroach (D:1)
  11 goblins
  3 hobgoblins
  7 jackals
  5 quokkas
  4 frilled lizards
  15 kobolds
  12 rats
170 creatures vanquished.

Vanquished Creatures (collateral kills)
  2 foxfires
2 creatures vanquished.

Vanquished Creatures (others)
  305 foxfires
  27 plants
332 creatures vanquished.

Grand Total: 504 creatures vanquished

Notes
Turn   | Place    | Note
-------+----------+-------------------------------------------
     0 | D:1      | worthlessgem the Djinni Fire Elementalist began the quest
                  | for the Orb.
     0 | D:1      | Reached XP level 1. HP: 15/15 MP: 0/0
   160 | D:1      | Noticed a great orb of eyes
   162 | D:1      | Found a faded altar of an unknown god.
   164 | D:1      | Noticed a great orb of eyes
   164 | D:1      | Noticed a golden eye
   164 | D:1      | Noticed an eye of devastation
   220 | D:1      | Reached XP level 2. HP: 21/21 MP: 0/0
   238 | D:1      | HP: 1/21 [goblin (4)]
   727 | D:1      | Reached XP level 3. HP: 17/25 MP: 0/0
   727 | D:1      | Learned a level 1 spell: Pain
  1504 | D:2      | Found a hide-covered altar of Uskayaw.
  1854 | D:2      | Reached XP level 4. HP: 25/31 MP: 0/0
  3181 | D:3      | Reached skill level 1 in Fighting
  3181 | D:3      | Reached XP level 5. HP: 22/37 MP: 0/0
  3181 | D:3      | Learned a level 2 spell: Corpse Rot
  3376 | D:3      | Reached skill level 2 in Fighting
  4530 | D:4      | Reached skill level 3 in Fighting
  4530 | D:4      | Reached XP level 6. HP: 9/46 MP: 0/0
  4839 | D:4      | Noticed an ogre
  4873 | D:4      | Reached skill level 4 in Fighting
  4957 | D:4      | Killed an ogre
  5032 | D:4      | Noticed Natasha
  5135 | D:4      | Noticed a necrophage
  5155 | D:4      | Killed a necrophage
  5156 | D:4      | Reached skill level 5 in Fighting
  5156 | D:4      | Reached XP level 7. HP: 43/54 MP: 0/0
  5156 | D:4      | Learned a level 2 spell: Blink
  5329 | D:4      | Found Hurrepnacw's Assorted Antiques.
  5503 | D:4      | Killed Natasha
  5516 | D:4      | Reached skill level 6 in Fighting
  6000 | D:4      | Noticed Natasha
  6613 | D:5      | Entered Level 5 of the Dungeon
  6613 | D:5      | Noticed Eustachio
  6671 | D:5      | Found a staircase to the Ecumenical Temple.
  6681 | Temple   | Entered the Ecumenical Temple
  6749 | Temple   | Became a worshipper of Makhleb the Destroyer
  6953 | D:5      | Killed Eustachio
  6954 | D:5      | Reached skill level 7 in Fighting
  6954 | D:5      | Reached XP level 8. HP: 49/64 MP: 0/0
  7575 | D:5      | Reached skill level 8 in Fighting
  7800 | D:5      | Found a hazy altar of Hepliaklqana.
  7847 | D:5      | Noticed Blork the orc
  7871 | D:5      | Killed Blork the orc
  8201 | D:5      | Found a runed translucent door.
  8202 | D:5      | Noticed Crazy Yiuf
  8251 | D:5      | Killed Crazy Yiuf
  8779 | D:6      | Reached skill level 9 in Fighting
  9010 | D:7      | Reached * piety under Makhleb
  9011 | D:7      | Reached XP level 9. HP: 61/73 MP: 0/0
  9011 | D:7      | Learned a level 4 spell: Cause Fear
  9139 | D:7      | Reached skill level 10 in Fighting
  9480 | D:7      | Noticed a manticore
  9484 | D:7      | HP: 1/75 [manticore (7)]
  9490 | D:7      | Killed a manticore
  9491 | D:7      | Reached skill level 1 in Slings
 11256 | D:7      | Noticed Joseph
 11263 | D:7      | Killed Joseph
 11264 | D:7      | Reached XP level 10. HP: 62/81 MP: 0/0
 11510 | D:7      | Reached skill level 5 in Invocations
 11848 | D:8      | Found a sparkling altar of Nemelex Xobeh.
 11913 | D:8      | Noticed a death yak
 11913 | D:8      | Noticed a death yak
 11914 | D:8      | Noticed a death yak
 12023 | D:9      | Noticed a two-headed ogre
 12079 | D:8      | Noticed Maurice
 12080 | D:8      | Paralysed by Maurice for 7 turns
 12089 | D:8      | Paralysed by Maurice for 5 turns
 12093 | D:8      | Slain by a gnoll

Illustrated notes

Levels and vault maps discovered:
D:1:      minmay_arrival_semitransparent, layout_loops_ring,
          hellmonk_ecumenical_altar_watching_god, minmay_pentomino_z4
D:2:      layout_loops_ring, basic_altar, lexackson_kobold_supper
D:3:      layout_basic
D:4:      layout_basic, serial_shops, nicolae_stop_n_shop_2, uniq_natasha
D:5:      layout_loops_ring, mainiacjoe_overflow_brackets,
          minmay_temple_entry_mist, serial_bayou_pond_c, uniq_blork_the_orc,
          uniq_eustachio, uniq_crazy_yiuf_cottage
D:6:      layout_gridville, minmay_misc_feat_encased, kennysheep_doodads
D:7:      layout_basic, uniq_joseph
D:8:      layout_gridville, grunt_temple_overflow_magic_moments,
          mainiacjoe_overflow_big_doors, mainiacjoe_overflow_surrounded_room,
          dpeg_lair_monsters, uniq_maurice
D:9:      layout_roguey [special_room_orc], minmay_misc_feat_tower,
          hangedman_decor_diamond_cutter
Temple:   eino_temple_lava

Skill      XL: |  1  2  3  4  5  6  7  8  9 10 |
---------------+-------------------------------+-----
Spellcasting   | 3 4 |  4.2
Fighting       | 1 3 5 7 9 10 | 10.4
Slings         | 2 |  2.0
Invocations    | 4 5 |  5.6
Dodging        | 4 |  4.9
Stealth        | |  1.5

Action                   |  1- 3 |  4- 6 |  7- 9 | 10-12 || total
-------------------------+-------+-------+-------+-------++-------
Melee: Trident           |    36 |     7 |       |       ||    43
       Dagger            |       |    27 |    60 |    14 ||   101
 Fire: Hunting sling     |       |    11 |    48 |       ||    59
Throw: Stone             |     1 |    10 |     3 |       ||    14
       Dart              |       |     2 |     2 |     2 ||     6
 Cast: Foxfire           |    39 |    37 |    91 |    12 ||   179
       Pain              |     4 |    11 |     6 |       ||    21
       Inner Flame       |       |    10 |    33 |     4 ||    47
       Conjure Flame     |       |     8 |    14 |     1 ||    23
       Blink             |       |       |     9 |       ||     9
       Sticky Flame      |       |       |    12 |       ||    12
       Corpse Rot        |       |       |     2 |       ||     2
       Cause Fear        |       |       |     4 |       ||     4
Evoke: Wand              |       |       |     1 |       ||     1
  Use: Potion            |       |       |     4 |       ||     4
       Scroll            |       |       |     3 |       ||     3
 Stab: Sleeping          |     8 |     1 |     2 |       ||    11
       Paralysed         |       |       |     6 |       ||     6
Armor: Robe              |     7 |     9 |    19 |       ||    35
       Steam dragon scal |       |       |    16 |       ||    16
       Leather armour    |       |       |       |    19 ||    19
Dodge: Dodged            |    18 |    38 |   102 |    14 ||   172
